 Dungeon Crawl Stone Soup version 0.31.0-11-ge490571c62 (webtiles) character file.

Game seed: 14984258503644020469

526116 EonDragon20 the Slayer (level 25, 0/203 (210) HPs)
             Began as a Merfolk Ice Elementalist on Feb 8, 2024.
             Was a High Priest of Ashenzari.
             Killed from afar by a golden dragon (14 damage)
             ... with a blast of poison
             ... on level 4 of the Realm of Zot on Feb 9, 2024.
             The game lasted 05:49:25 (79704 turns).

EonDragon20 the Slayer (Merfolk Ice Elementalist)  Turns: 79704, Time: 05:49:27

HP:   0/203 (210)   AC: 14    Str:  9    XL:     25   Next: 46%
MP:   31/48         EV: 29    Int: 24    God:    Ashenzari [*****.]
Gold: 891           SH:  5    Dex: 19    Spells: 2/49 levels left

rFire   + + .        i - +9 dagger of Supernal Understanding {holy, Fort, Range} (curse)
rCold   . . .        L - +0 buckler "Share My Suspicion" {Cun, Fort} (curse)
rNeg    + . .        m - +0 leather armour of Supernal Understanding {+Inv Regen+ rCorr, Melee, Self} (curse)
rPois   .            K - +2 helmet of the Tethered Moon {Fort, Melee} (curse)
rElec   .            f - +1 cloak "Astral Frustration" {Dev, Cun} (curse)
rCorr   +            g - +2 pair of gloves "Eternal Together" {Dex+3, Bglg, Dev} (curse)
SInv    +            s - +0 pair of boots "Thunder Perfect Mind" {Cun, Bglg} (curse)
Will    +....        a - amulet "Oracular Incredulity" {RegenMP, Cun, Elem} (curse)
Stlth   +++++++++    b - ring of the Lotus Blossom {rF+ MP+9 Slay+2}
HPRegen 0.00/turn    r - ring of the Cryptic Urgency {rF+ rN+ rCorr, Elem, Fort} (curse)
MPRegen 0.71/turn

%: clarity
@: lethally poisoned (0 -> -46), about to teleport, inhibited regen, studying
Unarmed Combat, lightly drained
A: (nimble swimmer 2), mertail, frail 1, inhibited regeneration, persistent
drain
}: 3/15 runes: decaying, serpentine, silver
a: Renounce Religion, Evoke Invisibility, Curse Item, Shatter the Chains


You were on level 4 of the Realm of Zot.
You worshipped Ashenzari.
Ashenzari was extremely pleased with you.
You visited 11 branches of the dungeon, and saw 48 of its levels.
You also visited: Bailey.

You collected 4951 gold pieces.
You spent 4060 gold pieces at shops.

Inventory:

Hand Weapons
 i - the cursed +9 dagger of Supernal Understanding (weapon) {holy, Fort, Range}
   (You took it off a necromancer on level 4 of the Vaults)

   It has a curse which improves the following skills: Fortitude: Armour and
   Shields.
   Ranged Combat: Ranged Weapons and Throwing.
Armour
 f - the cursed +1 cloak "Astral Frustration" (worn) {Dev, Cun}
   (You found it on level 2 of the Dungeon)

   It has a curse which improves the following skills: Devices: Evocations and
   Shapeshifting.
   Cunning:   Dodging and Stealth.
 g - the cursed +2 pair of gloves "Eternal Together" (worn) {Dex+3, Bglg, Dev}
   (You acquired it on level 14 of the Dungeon)

   It has a curse which improves the following skills: Beguiling: Hexes and
   Translocations.
   Devices:   Evocations and Shapeshifting.
 m - the cursed +0 leather armour of Supernal Understanding (worn) {+Inv Regen+ rCorr, Melee, Self}
   (You found it on level 1 of the Snake Pit)

   +Inv:      It lets you turn invisible.
   Regen+:    It increases your rate of health regeneration.
   rCorr:     It protects you from acid and corrosion.
   It has a curse which improves the following skills: Melee Combat: Short
   Blades, Long Blades, Axes, Maces & Flails, Polearms, Staves and Unarmed
   Combat.
   Introspection: Fighting and Spellcasting.
 s - the cursed +0 pair of boots "Thunder Perfect Mind" (worn) {Cun, Bglg}
   (You found it on level 4 of the Dungeon)

   It has a curse which improves the following skills: Cunning: Dodging and
   Stealth.
   Beguiling: Hexes and Translocations.
 K - the cursed +2 helmet of the Tethered Moon (worn) {Fort, Melee}
   (You found it on level 1 of the Dungeon)

   It has a curse which improves the following skills: Fortitude: Armour and
   Shields.
   Melee Combat: Short Blades, Long Blades, Axes, Maces & Flails, Polearms,
   Staves and Unarmed Combat.
 L - the cursed +0 buckler "Share My Suspicion" (worn) {Cun, Fort}
   (You took it off an orc on level 9 of the Dungeon)

   It has a curse which improves the following skills: Cunning: Dodging and
   Stealth.
   Fortitude: Armour and Shields.
Jewellery
 a - the cursed amulet "Oracular Incredulity" (around neck) {RegenMP, Cun, Elem}
   (You found it on level 11 of the Dungeon)

   [amulet of magic regeneration]

   RegenMP:   It increases your rate of magic regeneration.
   It has a curse which improves the following skills: Cunning: Dodging and
   Stealth.
   Elements:  Fire Magic, Ice Magic, Air Magic and Earth Magic.
 b - the ring of the Lotus Blossom (left hand) {rF+ MP+9 Slay+2}
   (You bought it in a shop on level 4 of the Depths)

   [ring of magical power]

   Slay+2:    It affects your accuracy & damage with ranged weapons and melee
   (+2).
   rF+:       It protects you from fire.
   MP+9:      It affects your magic capacity (+9).
 r - the cursed ring of the Cryptic Urgency (right hand) {rF+ rN+ rCorr, Elem, Fort}
   (You bought it in a shop on level 2 of the Orcish Mines)

   [ring of resist corrosion]

   rF+:       It protects you from fire.
   rN+:       It protects you from negative energy.
   rCorr:     It protects you from acid and corrosion.
   It has a curse which improves the following skills: Elements: Fire Magic, Ice
   Magic, Air Magic and Earth Magic.
   Fortitude: Armour and Shields.
 t - a ring of protection from fire
 Q - the amulet of Elemental Vulnerability {rPois rF-- rC-- AC+8}
   (You found it on level 2 of the Lair of Beasts)

   [amulet of nothing]

   AC+8:      It affects your AC (+8).
   rF--:      It makes you very vulnerable to fire.
   rC--:      It makes you very vulnerable to cold.
   rPois:     It protects you from poison
 R - the ring "Lexkach" {^Contam rPois rF+ Stlth+}
   (You took it off a vault warden on level 5 of the Vaults)

   [ring of poison resistance]

   rF+:       It protects you from fire.
   rPois:     It protects you from poison ^Contam: It causes magical
   contamination when unequipped.
   Stlth+:    It makes you more stealthy.
 W - a ring of protection from fire
 X - a +5 ring of evasion
Wands
 e - a wand of acid (5)
 n - a wand of charming (81)
 p - a wand of roots (34)
 y - a wand of digging (36)
 z - a wand of polymorph (21)
 N - a wand of flame (79)
 U - a wand of mindburst (29)
Scrolls
 d - a scroll of silence
 k - 8 scrolls of revelation
 l - 2 scrolls of brand weapon
 o - 4 scrolls of immolation
 v - 6 scrolls of teleportation
 C - 10 scrolls of fog
 G - 2 scrolls of torment
 J - 4 scrolls of vulnerability
 O - 5 scrolls of enchant armour
 P - 2 scrolls of poison
 T - 2 scrolls of butterflies
 V - a scroll of fear
Potions
 c - 8 potions of attraction
 h - a potion of haste
 j - 5 potions of might
 w - 7 potions of ambrosia
 B - 4 potions of cancellation
 D - 4 potions of enlightenment
 E - a potion of curing
 H - 2 potions of brilliance
 I - a potion of resistance
 M - 6 potions of mutation
 S - 3 potions of berserk rage
 Y - 3 potions of magic
Miscellaneous
 A - a lightning rod (4/4)
 F - a condenser vane


   Skills:
 - Level 25.2(27) Fighting
 - Level 24.3(27) Short Blades
 - Level 4.7(9.4) Armour
 - Level 21.9(26.5) Dodging
 - Level 20.8(25.5) Stealth
 - Level 10.8(12.9) Spellcasting
 - Level 18.8(21.7) Hexes
 * Level 8.3 Summonings
 - Level 6.2(9.4) Ice Magic


You had 2 spell levels left.
You knew the following spells:

 Your Spells              Type           Power      Damage    Failure   Level
a - Freeze                Ice            100%       1d10      1%          1
b - Frozen Ramparts       Ice            100%       1d16      1%          3
c - Ozocubu's Armour      Ice            57%        N/A       1%          3
d - Summon Ice Beast      Ice/Summ       55%        N/A       1%          3
e - Discord               Hex            44%        N/A       7%          8
f - Ensorcelled Hibernat  Hex/Ice        100%       N/A       1%          2
g - Slow                  Hex            100%       N/A       0%          1
h - Confusing Touch       Hex            88%        N/A       0%          3
i - Sigil of Binding      Hex            88%        N/A       0%          3
j - Tukima's Dance        Hex            88%        N/A       0%          3
k - Enfeeble              Hex            44%        N/A       1%          7
l - Metabolic Englaciati  Hex/Ice        37%        N/A       1%          5
m - Dazzling Flash        Conj/Hex       100%       N/A       1%          3
n - Jinxbite              Hex            100%       N/A       0%          2

Your spell library contained the following spells:

 Spells                   Type           Power      Damage    Failure   Level
 Summon Small Mammal      Summ           100%       N/A       1%          1
 Foxfire                  Conj/Fire      64%        2x1d7     8%          1
 Shock                    Conj/Air       64%        1d7       8%          1
 Magic Dart               Conj           60%        1d6       9%          1
 Necrotise                Necr           60%        1d7       9%          1
 Scorch                   Fire           34%        2d6       11%         2
 Cigotuvi's Dreadful Rot  Necr/Alch/Air  32%        N/A       12%         2
 Searing Ray              Conj           30%        2d5       12%         2
 Sublimation of Blood     Necr           15%        N/A       12%         2
 Cause Fear               Hex            44%        N/A       0%          4
 Call Canine Familiar     Summ           53%        N/A       1%          3
 Inner Flame              Hex/Fire       62%        N/A       1%          3
 Anguish                  Hex/Necr       30%        N/A       1%          4
 Dimensional Bullseye     Hex/Tloc       31%        N/A       1%          4
 Silence                  Hex/Air        31%        N/A       2%          5
 Yara's Violent Unravell  Hex/Alch       30%        3d13      2%          5
 Hailstorm                Conj/Ice       38%        3d9       3%          3
 Animate Armour           Summ/Erth      72%        N/A       13%         4
 Summon Blazeheart Golem  Fire/Summ      36%        N/A       13%         4
 Summon Lightning Spire   Summ/Air       36%        N/A       13%         4
 Martyr's Knell           Necr/Summ      35%        N/A       14%         4
 Passwall                 Erth           17%        N/A       21%         3
 Swiftness                Air            17%        N/A       21%         3
 Volatile Blastmotes      Fire/Tloc      34%        2d12      21%         3
 Mephitic Cloud           Conj/Alch/Air  16%        N/A       22%         3
 Fugue of the Fallen      Necr           15%        N/A       24%         3
 Vampiric Draining        Necr           15%        2d7       24%         3
 Summon Forest            Summ/Tloc      18%        N/A       36%         5
 Summon Cactus Giant      Summ           26%        N/A       38%         6
 Freezing Cloud           Conj/Ice/Air   15%        6-21      50%         5
 Airstrike                Air            8%         2d(2-18)  56%         4
 Manifold Assault         Tloc           17%        N/A       56%         4
 Vhi's Electric Charge    Tloc/Air       34%        N/A       56%         4
 Flame Wave               Conj/Fire      16%        2d7       58%         4
 Ignite Poison            Fire/Alch      16%        N/A       58%         4
 Iskenderun's Mystic Bla  Conj/Tloc      16%        2d5       58%         4
 Leda's Liquefaction      Alch/Erth      8%         N/A       58%         4
 Petrify                  Alch/Erth      16%        N/A       58%         4
 Sticky Flame             Fire/Alch      16%        2d5       58%         4
 Animate Dead             Necr           15%        N/A       63%         4
 Dispel Undead            Necr           15%        3d10      63%         4
 Fulminant Prism          Conj/Alch      7%         3d7       63%         4
 Sculpt Simulacrum        Ice/Alch       19%        N/A       87%         6
 Lee's Rapid Deconstruct  Erth           8%         3d7*      88%         5
 Arcjolt                  Conj/Air       8%         1d18      90%         5
 Borgnjor's Vile Clutch   Necr/Erth      8%         N/A       90%         5
 Fireball                 Conj/Fire      8%         3d6       90%         5
 Alistair's Intoxication  Alch           10%        N/A       92%         5
 Curse of Agony           Necr           15%        N/A       92%         5
 Irradiate                Conj/Alch      7%         3d14      92%         5
 Summon Hydra             Summ           26%        N/A       92%         7
 Bombard                  Conj/Erth      8%         9d2       100%        6
 Conjure Ball Lightning   Conj/Air       8%         3x3d6     100%        6
 Death Channel            Necr           7%         N/A       100%        6
 Dispersal                Tloc           8%         N/A       100%        6
 Eringya's Noxious Bog    Alch           7%         4d6       100%        6
 Plasma Beam              Fire/Air       8%         2x1d19    100%        6
 Starburst                Conj/Fire      8%         6d4       100%        6
 Haunt                    Necr/Summ      17%        N/A       100%        7
 Borgnjor's Revivificati  Necr           7%         N/A       100%        8
 Disjunction              Tloc           8%         N/A       100%        8
 Ignition                 Fire           8%         3d5       100%        8
 Infestation              Necr           7%         N/A       100%        8
 Death's Door             Necr           7%         N/A       100%        9
 Dragon's Call            Summ           26%        N/A       100%        9
 Shatter                  Erth           8%         3d10*     100%        9


Dungeon Overview and Level Annotations

Branches:
Dungeon (15/15)            Temple (1/1) D:5            Lair (5/5) D:11
  Swamp (4/4) Lair:3        Snake (4/4) Lair:3        Slime (3/5) Lair:5
    Orc (2/2) D:10            Elf (1/3) Orc:2        Vaults (5/5) D:14
  Crypt (0/3) Vaults:2     Depths (4/4) D:15            Zot (4/5) Depths:4
 Bailey (visited)

Altars:
Ashenzari
Cheibriados
Dithmenos
Elyvilon
Fedhas
Gozag
Hepliaklqana
Kikubaaqudgha
Makhleb
Nemelex Xobeh
Okawaru
Qazlal
Ru
Sif Muna
Trog
Uskayaw
Vehumet
Wu Jian
Xom
Yredelemnul
Zin
The Shining One

Shops:
D:4 *   D:5 !   D:6 (   D:9 (   D:12 *   Orc:1 =(!*:   Orc:2 (=?:   Elf:1 (
Snake:4 (:?   Vaults:1 [   Vaults:2 *   Vaults:4 =   Depths:1 [(*   Depths:3 [
Depths:4 ==:

Portals:
Hell: Depths:1 Depths:2 Depths:3 Depths:4
Abyss: Depths:3
Pandemonium: Depths:2
Ziggurat: Depths:2

Annotations:
D:2 1 runed translucent door, Crazy Yiuf
D:8 1 runed translucent door, LoggersVIII's ghost, novice OpEE
Depths:1 3 runed translucent doors, Iryull's ghost, adept DgCj


Innate Abilities, Weirdness & Mutations

((You are very nimble when in or above water. (Stealth+, EV+, Speed+++)))
Your lower body shifts to a powerful aquatic tail in water.
You are frail. (-10% HP)
You do not regenerate when monsters are visible.
Your health recovers twice as slowly from being drained.


Message History

* * * LOW HITPOINT WARNING * * *
The golden dragon closely misses you.
The golden dragon completely misses you.
Your ice beast hits the golden dragon but does no damage.
Casting: Slow (safe; 0% risk of failure)
Confirm with . or Enter, or press ? or * to list all spells.
A chill wind blows around you.
Your ice beast disappears in a puff of smoke!
The golden dragon bites you but does no damage.
The golden dragon completely misses you.
The golden dragon barely misses you.
You swap places.
Something bites your ice beast! Something claws your ice beast.
Something tramples your ice beast!!
Your ice beast stumbles backwards!
Your ice beast dies!
Your ice beast disappears in a puff of smoke!
The golden dragon attacks as it pursues you!
The golden dragon bites you!!
* * * LOW HITPOINT WARNING * * *
The golden dragon claws you but does no damage.
The golden dragon misses you.
As you read the scroll of teleportation, it crumbles to dust.
You feel strangely unstable.
You feel the Orb delaying your translocation!
The golden dragon misses you. The golden dragon barely misses you.
The golden dragon tramples you but does no damage.
The golden dragon breathes fire at you. The bolt of fire misses you.
The golden dragon breathes poison at you.
The blast of poison engulfs you!
You are poisoned.
* * * LOW HITPOINT WARNING * * *
You are engulfed in poison gas.
You are lethally poisoned!
* * * LOW HITPOINT WARNING * * *
You feel extremely sick.
The golden dragon breathes poison at you.
The blast of poison engulfs you!
You are more poisoned.
You die...

#.# #.# #.#
#........# #.#
#.###.#####.#####.#
..# ##'##........#
#.# ..#
#......#####.# #.#
#.# #.....§# #.# #.#
..##### #....§§# #.#
#.# #.....#
#....§☼#####.#####.#
#.###.##
#...○§§○☼○D........#
#.# #..#
#....#@#####.#######
#.# ##.##
#....☼☼........# #.#
#..####.#.#.#########
#.# ##..###.#.#.# #.#
##..##.#.#.# #.#
##....#.#.#
#.#########....#.#
#*.##..........#.#
##.##..........#.#


You could see a golden dragon (catching breath).

Vanquished Creatures
  Mennas (Vaults:4)
  Sojobo (Vaults:3)
  Bai Suzhen (Snake:4)
  2 Killer Klowns (Zot:3)
  Saint Roka (Snake:4)
  A curse toe (Zot:4)
  2 golden dragons
  Vashnia (Snake:4)
  the Enchantress (D:15)
  A bone dragon (Swamp:4)
  Jorgrun (D:14)
  9 tentacled monstrosities
  A hellephant (Depths:1)
  A lich (Vaults:2)
  Asterion (Snake:1)
  Frances (D:14)
  10 quicksilver dragons
  6 sphinxes
  4 acid blobs
  3 thorn hunters
  Agnes (Snake:4)
  5 shadow dragons
  Donald (Swamp:4)
  9 death cobs
  4 tengu reavers
  2 draconian monks
  10 frost giants
  5 storm dragons
  Aizul (Snake:3)
  2 draconian knights
  4 protean progenitors
  8 nagarajas
  A fenstrider witch (Swamp:2)
  A rockslime (Slime:2)
  A deep elf sorcerer (Vaults:5)
  An iron dragon (Depths:4)
  A nargun (Depths:2)
  10 vault wardens
  7 fire giants
  2 ghost moths
  4 draconian shifters
  3 draconian scorchers
  4 spriggan defenders
  14 ironbound preservers
  An orc warlord (Vaults:3)
  2 quicksilver oozes
  2 vampire knights
  11 stone giants
  The ghost of EonDragon20 the Frost Mage, a journeyman MfIE of Fedhas (D:12)
  3 eleionomae
  7 ironbound thunderhulks
  3 formless jellyfish
  27 very ugly things
  9 green draconians
  7 black draconians
  A deep elf demonologist (Vaults:3)
  Nessos (D:12)
  6 yellow draconians
  A war gargoyle (Vaults:3)
  5 bunyips
  6 red draconians
  7 dire elephants (Vaults:2)
  3 purple draconians
  4 white draconians
  7 ettins
  2 spark wasps (Depths:4)
  A quicksilver dragon zombie (D:15)
  8 fire dragons
  2 crystal guardians (Vaults:3)
  Josephine (Lair:3)
  7 ice dragons
  An entropy weaver (Vaults:3)
  6 great orbs of eyes
  Harold (D:10)
  2 shambling mangroves
  12 yaktaur captains
  A rakshasa (Depths:3)
  A peacekeeper (Vaults:3)
  Fannar (Orc:1)
  10 hydras
  15 vault guards
  10 anacondas
  5 ogre magi
  5 spriggan air magi
  10 alligators
  3 ghost crabs
  2 catoblepae
  17 two-headed ogres
  5 centaur warriors
  6 dancing weapons (Elf:1)
  A death knight (Vaults:2)
  A vampire mage (D:15)
  4 ironbound frosthearts
  13 naga warriors
  5 boulder beetles
  6 death yaks
  9 deep troll shamans
  7 shock serpents
  2 hell hogs (Depths:1)
  7 deep troll earth magi
  11 naga sharpshooters
  A titan zombie (Vaults:4)
  5 occultists
  6 spriggan berserkers
  2 deep elf knights (Elf:1)
  Sonja (D:10)
  Nergalle (D:11)
  11 spriggans
  A skyshark (Lair:5)
  16 iron trolls
  Amaemon (Lair:1)
  A fire crab (Lair:5)
  5 goliath frogs
  A glowing orange brain (Depths:3)
  6 salamander mystics
  7 skeletal warriors (D:15)
  3 flayed ghosts (Depths:3)
  A deep elf archer (Elf:1)
  9 sea snakes
  A sea snake (shapeshifter) (Vaults:3)
  9 swamp dragons
  A spectral hydra (Swamp:4)
  68 deep trolls
  6 spriggan druids
  8 naga ritualists
  5 bog bodies
  12 lindwurms
  2 spectral alligators (Swamp:4)
  8 arcanists
  19 ironbound convokers
  11 mana vipers
  12 phantasmal warriors
  4 deep elf pyromancers
  An elf zombie (Vaults:4)
  7 orc knights
  3 shining eyes
  3 necromancers
  An orc sorcerer (Orc:2)
  2 alligator zombies (Swamp:4)
  A deep elf zephyrmancer (Elf:1)
  A shining eye (shapeshifter) (Vaults:5)
  An oklob plant (Lair:1)
  An iron dragon zombie (Vaults:3)
  4 manticores
  A tengu skeleton (Vaults:4)
  36 ugly things
  A will-o-the-wisp (Swamp:1)
  A human zombie (Vaults:1)
  Maurice (D:10)
  2 cyclopes
  6 guardian serpents
  A moth of wrath (shapeshifter) (D:14)
  11 salamanders
  2 black mambas (shapeshifter)
  45 black mambas
  A rust devil (Depths:2)
  12 vault sentinels
  2 kobold blastminers (Orc:2)
  19 moths of wrath
  3 human skeletons (Vaults:1)
  2 molten gargoyles (Lair:5)
  An eye of devastation (Slime:1)
  30 naga magi
  2 unseen horrors
  An orange demon (Lair:1)
  9 komodo dragons
  3 freezing wraiths
  3 kobold demonologists (D:11)
  A rime drake (Lair:4)
  11 cane toads
  2 swamp worm zombies (Swamp:4)
  2 efreet
  19 yaktaurs
  6 hydra zombies (Swamp:4)
  A queen bee (Lair:3)
  A queen bee (shapeshifter) (D:13)
  10 tyrant leeches
  4 tengu conjurers
  8 trolls
  Prince Ribbit (D:8)
  2 polar bears
  15 hornets
  An ettin zombie (Vaults:3)
  22 blink frogs
  3 glass eyes
  A spectral swamp dragon (Swamp:4)
  7 dream sheep (Lair:5)
  A spriggan zombie (D:15)
  49 slime creatures
  A slime creature (shapeshifter) (Vaults:5)
  5 wraiths
  A spriggan (shapeshifter) (D:13)
  12 water elementals (Depths:3)
  3 wyverns
  A vampire (D:14)
  Eustachio (D:5)
  9 basilisks
  A fire bat (D:8)
  7 golden eyes
  A warg (Orc:2)
  48 yaks
  A fire elemental (Elf:1)
  A redback (Vaults:4)
  5 steam dragons
  17 vampire mosquitoes
  5 tyrant leech zombies (Swamp:4)
  Menkaure (D:6)
  11 swamp worms
  3 glowing shapeshifter zombies
  16 water moccasins
  37 nagas
  An acid dragon (D:10)
  5 hell hounds (Lair:5)
  A glowing shapeshifter skeleton (Vaults:3)
  33 orc warriors
  A black bear (shapeshifter) (Elf:1)
  3 sky beasts
  2 laughing skulls (D:15)
  2 black bears (Lair:1)
  31 ogres
  A swamp dragon zombie (Swamp:4)
  19 wolves
  27 centaurs
  10 phantoms
  5 kobold brigands
  18 bullfrogs
  4 scorpions
  An earth elemental (Elf:1)
  12 wights
  39 killer bees
  An electric eel (Lair:3)
  3 lava snakes (Lair:5)
  3 bombardier beetles
  5 jellies
  15 orc priests
  4 sleepcaps
  Ijyb (D:4)
  Terence (D:2)
  7 hell rats (Lair:5)
  Natasha (twice) (D:3)
  4 iguanas
  23 orc wizards
  5 gnolls
  8 adders
  A white imp (D:7)
  5 dart slugs
  2 ribbon worms
  82 orcs
  7 ball pythons
  4 bats
  3 endoplasms
  3 giant cockroaches
  13 goblins
  8 hobgoblins
  4 quokkas
  11 kobolds
  4 rats
1726 creatures vanquished.

Vanquished Creatures (collateral kills)
  A golden dragon (Depths:4)
  An electric golem (Zot:2)
  A tentacled monstrosity (Depths:4)
  2 walking crystal tomes (Depths:2)
  2 titans (Vaults:5)
  A walking frostbound tome (Depths:2)
  A walking divine tome (Depths:3)
  3 acid blobs
  A shadow dragon (Vaults:5)
  2 storm dragons
  3 tengu reavers (Vaults:5)
  3 narguns (Depths:2)
  3 draconian monks
  3 rockslimes
  A fire giant (Vaults:5)
  2 draconian shifters
  3 draconian scorchers
  2 deep elf sorcerers (Vaults:5)
  A draconian knight (Zot:3)
  2 broodmothers (Zot:3)
  3 very ugly things
  2 draconian annihilators
  A stone giant (Vaults:5)
  7 green draconians
  5 black draconians
  A purple draconian (Zot:2)
  A war gargoyle (Vaults:5)
  2 pale draconians (Depths:4)
  4 red draconians
  2 white draconians
  A fire dragon (Depths:4)
  2 ettins (Vaults:5)
  12 vault guards
  A rakshasa (Depths:2)
  An ice dragon (Depths:3)
  A peacekeeper (Vaults:3)
  A deep troll shaman (Depths:4)
  A dancing weapon (Depths:2)
  2 deep elf knights (Elf:1)
  A deep troll (Depths:4)
  3 swamp dragons (Depths:4)
  A glowing orange brain (shapeshifter) (Vaults:5)
  A mana viper (Lair:3)
  A spectral hydra (Swamp:4)
  A deep elf archer (Elf:1)
  2 ironbound convokers (Vaults:5)
  A phantasmal warrior (Vaults:5)
  4 deep elf zephyrmancers (Elf:1)
  3 deep elf pyromancers (Elf:1)
  A necromancer (Vaults:3)
  3 ugly things (Depths:2)
  2 shining eyes
  A moth of wrath (Zot:4)
  A salamander (Depths:4)
  A molten gargoyle (Lair:5)
  A vault sentinel (Vaults:5)
  3 large abominations (Depths:3)
  5 kobold demonologists (D:12)
  3 unseen horrors (Depths:3)
  A komodo dragon (Lair:5)
  2 hornets (Zot:3)
  A spectral swamp dragon (Swamp:4)
  A blink frog (Lair:5)
  10 slime creatures
  A wraith (D:10)
  A yak (D:11)
  A wyvern (D:11)
  2 basilisks (Lair:5)
  3 chaos spawn (Depths:3)
  A steam dragon (Lair:5)
  2 acid dragons
  An ice beast (D:7)
  An orc warrior (Bailey)
  5 kobold brigands (D:12)
  4 small abominations (Depths:3)
  A lava snake (Lair:5)
  An orc priest (D:10)
  A jelly (Slime:3)
  3 orcs
170 creatures vanquished.

Vanquished Creatures (others)
  A tengu reaver (Vaults:5)
  A shadow dragon (Zot:2)
  2 draconian knights
  A vault warden (Vaults:5)
  A draconian scorcher (Zot:3)
  A draconian stormcaller (Zot:3)
  3 green draconians
  A deep elf demonologist (Vaults:5)
  3 red draconians
  A yellow draconian (Zot:1)
  2 white draconians
  A vault guard (Vaults:5)
  An anaconda (Snake:1)
  A deep elf pyromancer (Elf:1)
  A deep elf zephyrmancer (Elf:1)
  A kobold demonologist (D:12)
  An unseen horror (Depths:3)
  3 bloated husks
  A hornet (Zot:3)
  A basilisk (Lair:5)
  2 kobold brigands (D:12)
  27 foxfires
57 creatures vanquished.

Grand Total: 1953 creatures vanquished

Notes
Turn   | Place    | Note
-------+----------+-------------------------------------------
     0 | D:1      | EonDragon20 the Merfolk Ice Elementalist began the quest
                  | for the Orb.
     0 | D:1      | Reached XP level 1. HP: 13/13 MP: 3/3
   383 | D:1      | Reached XP level 2. HP: 19/19 MP: 1/5
   455 | D:1      | Reached skill level 5 in Ice Magic
  1347 | D:2      | Reached XP level 3. HP: 24/24 MP: 3/6
  1351 | D:2      | Learned a level 3 spell: Frozen Ramparts
  1656 | D:2      | Reached XP level 4. HP: 27/30 MP: 2/7
  1672 | D:2      | Learned a level 3 spell: Ozocubu's Armour
  1938 | D:2      | Noticed Terence
  1952 | D:2      | Killed Terence
  1953 | D:2      | Reached skill level 1 in Fighting
  2180 | D:2      | Found a runed translucent door.
  2181 | D:2      | Noticed Crazy Yiuf
  2605 | D:3      | Reached XP level 5. HP: 34/37 MP: 4/8
  2700 | D:3      | Noticed Natasha
  2705 | D:3      | Killed Natasha
  2981 | D:3      | Reached skill level 2 in Fighting
  3266 | D:3      | Noticed Natasha
  3272 | D:3      | Killed Natasha
  3394 | D:4      | Noticed Ijyb
  3496 | D:4      | Killed Ijyb
  3497 | D:4      | Reached XP level 6. HP: 38/46 MP: 0/10
  3757 | D:4      | Found Sicac's Assorted Antiques.
  4361 | D:5      | Entered Level 5 of the Dungeon
  4370 | D:5      | Reached skill level 3 in Fighting
  4494 | D:5      | Reached skill level 5 in Dodging
  4540 | D:5      | Reached XP level 7. HP: 41/52 MP: 12/12
  4587 | D:5      | Learned a level 3 spell: Summon Ice Beast
  4632 | D:5      | Found a staircase to the Ecumenical Temple.
  4663 | Temple   | Entered the Ecumenical Temple
  4682 | Temple   | Became a worshipper of Ashenzari the Shackled
  4934 | D:5      | Found a hide-covered altar of Uskayaw.
  4940 | D:5      | Noticed a troll
  4955 | D:5      | Reached skill level 4 in Fighting
  5357 | D:5      | Found Heaf Dupp's Distillery.
  5527 | D:5      | Killed a troll
  5528 | D:5      | Reached XP level 8. HP: 20/61 MP: 6/14
  5670 | D:5      | Found a bloodstained altar of Trog.
  5738 | D:6      | Reached skill level 5 in Fighting
  5990 | D:6      | Noticed Menkaure
  6003 | D:6      | Killed Menkaure
  6004 | D:6      | Reached skill level 5 in Spellcasting
  6067 | D:6      | Noticed Eustachio
  6211 | D:6      | HP: 1/63 [Eustachio/+3 rapier of holy wrath (9)]
  6452 | D:5      | Killed Eustachio
  6577 | D:6      | Found Meottat's Weapon Shoppe.
  6790 | D:6      | Reached * piety under Ashenzari
  6820 | D:6      | Noticed a wraith
  6863 | D:7      | Reached skill level 6 in Fighting
  7331 | D:7      | Found a glowing golden altar of the Shining One.
  7393 | D:7      | Reached XP level 9. HP: 68/71 MP: 17/17
  7464 | D:7      | Found a flagged portal.
  7478 | Bailey   | Entered a bailey
  7864 | Bailey   | Reached skill level 7 in Fighting
  8730 | Bailey   | Reached skill level 8 in Fighting
  8893 | Bailey   | Reached skill level 10 in Dodging
  9338 | Bailey   | Reached XP level 10. HP: 70/81 MP: 13/20
  9429 | Bailey   | Learned a level 3 spell: Hailstorm
 10007 | D:7      | Reached skill level 9 in Fighting
 10161 | D:7      | Reached ** piety under Ashenzari
 10597 | D:8      | Noticed Prince Ribbit
 10688 | D:8      | Killed Prince Ribbit
 11128 | D:8      | Found a shimmering altar of Xom.
 11136 | D:8      | Reached skill level 10 in Fighting
 12050 | D:8      | Found a runed translucent door.
 12450 | D:8      | Noticed LoggersVIII's ghost (novice OpEE)
 12715 | D:9      | Reached skill level 5 in Stealth
 12715 | D:9      | Reached XP level 11. HP: 76/92 MP: 17/23
 12765 | D:9      | Found Ajaniuph's Antique Weapon Shoppe.
 12942 | D:9      | Found a sparkling altar of Nemelex Xobeh.
 13460 | D:9      | Reached *** piety under Ashenzari
 13639 | D:9      | Noticed a fire dragon
 13679 | D:10     | Entered Level 10 of the Dungeon
 13709 | D:10     | Noticed Sonja
 13717 | D:10     | Killed Sonja
 13886 | D:10     | Noticed Maurice
 13955 | D:10     | Noticed Harold
 13981 | D:10     | Killed Harold
 14154 | D:10     | Found a staircase to the Orcish Mines.
 14668 | D:10     | Maurice stole a ring of resist corrosion
 14671 | D:10     | Maurice stole a lightning rod (4/4)
 14673 | D:10     | Killed Maurice
 14674 | D:10     | Reached skill level 5 in Hexes
 15195 | D:11     | Noticed Nergalle
 15197 | D:11     | Noticed a spectral orc warlord
 15722 | D:1      | Reached **** piety under Ashenzari
 16008 | D:11     | Noticed a two-headed ogre
 16009 | D:11     | Found a staircase to the Lair.
 16020 | D:11     | Killed a two-headed ogre
 16084 | D:11     | Reached XP level 12. HP: 84/99 MP: 11/24
 16277 | D:11     | Noticed a boulder beetle
 16291 | D:11     | Killed a boulder beetle
 16627 | D:11     | Reached skill level 11 in Fighting
 16627 | D:11     | Reached skill level 1 in Armour
 16705 | D:11     | Killed Nergalle
 17131 | D:12     | Noticed Nessos
 17160 | D:12     | Found Zin's Purification Station.
 17160 | D:12     | Found a glowing silver altar of Zin.
 17194 | D:13     | Noticed a boulder beetle
 17210 | D:13     | Killed a boulder beetle
 17211 | D:13     | Reached skill level 12 in Fighting
 17291 | D:13     | Noticed a centaur warrior
 17309 | D:13     | Killed a centaur warrior
 17605 | D:13     | Reached skill level 13 in Fighting
 17755 | D:13     | Reached ***** piety under Ashenzari
 17846 | D:13     | Noticed a catoblepas
 17871 | D:13     | Killed a catoblepas
 18575 | D:14     | Noticed Frances
 18601 | D:14     | Reached XP level 13. HP: 98/116 MP: 16/27
 19007 | D:14     | Noticed Jorgrun
 19033 | D:14     | Killed Jorgrun
 19034 | D:14     | Reached skill level 14 in Fighting
 19295 | D:14     | Learned a level 2 spell: Ensorcelled Hibernation
 19824 | D:14     | Identified 2 scrolls of acquirement
 19834 | D:14     | Acquired a book of Debilitation
 19836 | D:14     | Acquired a +2 pair of gloves of dexterity
 19937 | D:14     | Found a gate to the Vaults.
 19963 | D:14     | Reached skill level 5 in Short Blades
 20032 | D:14     | Learned a level 1 spell: Slow
 20036 | D:14     | Learned a level 3 spell: Confusing Touch
 20040 | D:14     | Learned a level 3 spell: Sigil of Binding
 20319 | D:15     | Entered Level 15 of the Dungeon
 20759 | D:15     | Reached skill level 10 in Short Blades
 20815 | D:15     | Found a staircase to the Depths.
 21063 | D:12     | Killed Nessos
 21064 | D:12     | Reached XP level 14. HP: 124/126 MP: 25/28
 21122 | D:12     | Found a runed translucent gate.
 21122 | D:12     | Found a runed translucent gate.
 21125 | D:12     | Found a runed translucent gate.
 21125 | D:12     | Noticed EonDragon20's ghost (journeyman MfIE)
 21684 | Lair:1   | Entered Level 1 of the Lair of Beasts
 21869 | Lair:1   | Noticed Amaemon
 22054 | Lair:1   | Found a broken altar of Ashenzari.
 22515 | Lair:1   | Killed Amaemon
 22982 | Lair:2   | Found the amulet of Elemental Vulnerability {rPois rF--
                  | rC-- AC+8}
 23750 | Lair:3   | Noticed Josephine
 24028 | Lair:3   | Killed Josephine
 24029 | Lair:3   | Reached skill level 10 in Hexes
 24469 | Lair:3   | Found a staircase to the Snake Pit.
 24470 | Lair:3   | Identified the cursed +0 pair of boots "Thunder Perfect
                  | Mind" {Cun, Bglg} (You found it on level 4 of the Dungeon)
 24526 | Lair:3   | Reached ****** piety under Ashenzari
 24628 | Lair:3   | Found a staircase to the Swamp.
 25284 | Lair:4   | Learned a level 4 spell: Anguish
 25445 | Lair:4   | Reached XP level 15. HP: 133/133 MP: 29/29
 25868 | Lair:5   | Entered Level 5 of the Lair of Beasts
 25967 | Lair:5   | Found a staircase to the Slime Pits.
 27433 | Lair:5   | Reached skill level 15 in Hexes
 27708 | Swamp:1  | Entered Level 1 of the Swamp
 28921 | Swamp:2  | Reached XP level 16. HP: 140/140 MP: 27/30
 28948 | Swamp:2  | Noticed a fenstrider witch
 28973 | Swamp:2  | Paralysed by a fenstrider witch for 5 turns
 29258 | Swamp:2  | Killed a fenstrider witch
 30029 | Swamp:3  | Noticed a thorn hunter
 30146 | Swamp:3  | Noticed a thorn hunter
 30153 | Swamp:3  | Killed a thorn hunter
 30157 | Swamp:3  | Identified the +5 orcbow of Disharmony {heavy, rF+ rN+}
 30409 | Swamp:3  | Killed a thorn hunter
 30687 | Swamp:4  | Entered Level 4 of the Swamp
 30692 | Swamp:4  | Noticed a thorn hunter
 30728 | Swamp:4  | Killed a thorn hunter
 30814 | Swamp:4  | Noticed Donald
 30834 | Swamp:4  | Killed Donald
 32504 | Swamp:4  | Reached skill level 15 in Fighting
 32516 | Swamp:4  | HP: 5/139 [alligator zombie (25)]
 33496 | Swamp:4  | Noticed a bone dragon
 34017 | Swamp:4  | Killed a bone dragon
 34018 | Swamp:4  | Reached skill level 15 in Dodging
 34140 | Swamp:4  | Got a decaying rune of Zot
 34301 | Snake:1  | Entered Level 1 of the Snake Pit
 34309 | Snake:1  | Reached XP level 17. HP: 107/136 MP: 31/31
 34385 | Snake:1  | Noticed Asterion
 34403 | Snake:1  | Killed Asterion
 34841 | Snake:1  | Reached skill level 16 in Fighting
 37358 | Snake:1  | Reached skill level 10 in Stealth
 37382 | Lair:3   | HP: 7/153 [poisoned by a black mamba]
 38058 | Snake:1  | Reached skill level 17 in Fighting
 38706 | Snake:1  | Identified the +0 leather armour of Fupur {+Inv Regen+
                  | rCorr}
 39240 | Snake:2  | Reached skill level 15 in Short Blades
 40560 | Orc:1    | Entered Level 1 of the Orcish Mines
 40560 | Orc:1    | Found Emuloi's Weapon Shoppe.
 40710 | Orc:1    | Found Nujuptu's Distillery.
 40713 | Orc:1    | Noticed Fannar
 40767 | Orc:1    | Killed Fannar
 40879 | Orc:1    | Bought a potion of heal wounds for 60 gold pieces
 40879 | Orc:1    | Bought 2 potions of heal wounds for 120 gold pieces
 40879 | Orc:1    | Bought a potion of heal wounds for 60 gold pieces
 40890 | Orc:1    | Found Eriwkis's General Store.
 40917 | Orc:1    | Found Okhluufo's Jewellery Boutique.
 40959 | Orc:1    | Found Qaorir's Book Shoppe.
 41054 | Orc:2    | Entered Level 2 of the Orcish Mines
 41171 | Orc:2    | Found a staircase to the Elven Halls.
 41556 | Orc:2    | Reached XP level 18. HP: 166/166 MP: 32/34
 41563 | Orc:2    | Paralysed by an ogre mage for 2 turns
 41828 | Orc:2    | Found Qyeqaum's Book Emporium.
 41828 | Orc:2    | Found Obeag's Magic Scroll Boutique.
 41857 | Orc:2    | Found Zeanub's Antique Weapon Shoppe.
 41857 | Orc:2    | Found Ibbomei's Jewellery Boutique.
 41865 | Orc:2    | Bought the Grimoire of the Wyrd and the Cwm for 640 gold
                  | pieces
 41865 | Orc:2    | Bought a book of Transmutation for 448 gold pieces
 41878 | Orc:2    | Learned a level 7 spell: Enfeeble
 41897 | Orc:2    | Bought the ring of Symmetry {rF+ rN+ rCorr} for 496 gold
                  | pieces
 42467 | Snake:3  | Reached skill level 18 in Fighting
 42927 | Snake:3  | Identified the serpent talisman of Sif Muna's Hope {*Slow
                  | rN+++ Str+2}
 42927 | Snake:3  | Noticed Aizul
 42939 | Snake:3  | Killed Aizul
 43155 | Snake:4  | Entered Level 4 of the Snake Pit
 43155 | Snake:4  | Noticed Bai Suzhen
 43157 | Snake:4  | Found Yddeafe's Magic Scroll Emporium.
 43171 | Snake:4  | Noticed Agnes
 43175 | Snake:4  | Killed Bai Suzhen
 43380 | Snake:4  | Noticed Vashnia
 43482 | Snake:4  | Killed Vashnia
 43633 | Snake:4  | Bought a scroll of teleportation for 54 gold pieces
 43633 | Snake:4  | Bought a scroll of teleportation for 54 gold pieces
 43718 | Snake:4  | Killed Agnes
 43854 | Snake:4  | Found Vaasaimm's Antique Weapon Boutique.
 43855 | Snake:4  | Found Pijeroxu's Book Emporium.
 43882 | Snake:4  | Bought a book of Winter for 748 gold pieces
 43896 | Snake:4  | Learned a level 5 spell: Metabolic Englaciation
 44068 | Snake:4  | Noticed Saint Roka
 44085 | Snake:4  | Killed Saint Roka
 44912 | Snake:4  | Reached XP level 19. HP: 171/171 MP: 26/33
 45917 | Snake:4  | Got a serpentine rune of Zot
 46285 | Vaults:1 | Entered Level 1 of the Vaults
 46601 | Vaults:1 | Reached skill level 19 in Fighting
 47325 | Vaults:1 | Found Disog's Antique Armour Boutique.
 48952 | Vaults:2 | Found Banixy's Assorted Antiques.
 49222 | Vaults:2 | Found a staircase to the Crypt.
 49227 | Vaults:2 | Reached XP level 20. HP: 182/182 MP: 34/34
 49792 | Vaults:3 | Reached skill level 15 in Stealth
 50633 | Vaults:3 | Reached skill level 20 in Fighting
 50905 | Vaults:3 | HP: 7/182 [barbs]
 51757 | Depths:1 | Entered Level 1 of the Depths
 51851 | Depths:1 | Found Oclohyli's Armour Emporium.
 51853 | Depths:1 | Found Qylakoph's Antique Weapon Shoppe.
 51855 | Depths:1 | Found Zolay's General Store.
 52473 | Depths:1 | Identified the +6 plate armour of the Sunfish {Harm}
 52519 | Depths:1 | Found a runed translucent gate.
 52519 | Depths:1 | Found a runed translucent gate.
 52519 | Depths:1 | Found a runed translucent gate.
 52549 | Depths:1 | Noticed the Enchantress
 52948 | Depths:1 | Reached XP level 21. HP: 190/190 MP: 35/35
 52978 | Depths:1 | Identified the +2 helmet "Corchits" {Stlth+}
 52978 | Depths:1 | Identified the staff "Gibe" {rElec Will++ Str+5 Conj Air}
 52980 | Depths:1 | Noticed Iryull's ghost (adept DgCj)
 52980 | Depths:1 | Noticed a dread lich
 53018 | Depths:1 | Found a gateway to Hell.
 53172 | Depths:1 | Found an ornate altar of the Wu Jian Council.
 53281 | Depths:1 | Learned a level 3 spell: Dazzling Flash
 53951 | D:15     | Killed the Enchantress
 54300 | Depths:2 | Found a one-way gate leading to the halls of Pandemonium.
 54417 | Depths:2 | Identified the +1 ring mail "Mocoziss" {Will- rCorr Dex+4
                  | Slay+3}
 54465 | Depths:2 | Reached skill level 10 in Spellcasting
 54548 | Depths:2 | Learned a level 8 spell: Discord
 54890 | Depths:2 | Found a one-way gateway to a ziggurat.
 55037 | Depths:2 | Identified the +4 double sword of In Flagrante Delicto
                  | {heavy, Dex+4}
 55747 | Depths:3 | Found Fytzewny's Antique Armour Boutique.
 56406 | Depths:3 | Identified the Omnibus of the Ashen Queen Bee
 56407 | Depths:3 | Identified the +0 robe of Sif Muna's Generosity {rN++}
 56970 | Depths:3 | Reached skill level 21 in Fighting
 57101 | Depths:3 | Found a one-way gate to the infinite horrors of the Abyss.
 57105 | Depths:3 | Reached XP level 22. HP: 198/200 MP: 32/39
 57311 | Depths:4 | Entered Level 4 of the Depths
 58229 | Vaults:3 | Noticed Sojobo
 58844 | Vaults:3 | Killed Sojobo
 59941 | Vaults:4 | Noticed Mennas
 60352 | Vaults:4 | Found Zufathrol's Jewellery Emporium.
 60729 | Vaults:4 | Killed Mennas
 61031 | Vaults:5 | Entered Level 5 of the Vaults
 61047 | Vaults:4 | Reached skill level 22 in Fighting
 61522 | Vaults:5 | Reached XP level 23. HP: 130/209 MP: 33/40
 62270 | Vaults:5 | Identified the ring "Lexkach" {^Contam rPois rF+ Stlth+}
 62594 | Vaults:5 | Identified the +2 cloak "Fuazarchy" {-Tele Str+4 Int+3}
 62615 | Vaults:5 | Noticed a dread lich
 62861 | Vaults:5 | Gained mutation: You do not regenerate when monsters are
                  | visible. [a shining eye]
 63235 | Vaults:5 | Identified the +3 leather armour of Beauty {rN+ Dex+2 SInv}
 63735 | Vaults:5 | Got a silver rune of Zot
 63923 | Vaults:2 | Bought a scroll of teleportation for 129 gold pieces
 63923 | Vaults:2 | Bought a scroll of teleportation for 129 gold pieces
 64130 | D:12     | Killed EonDragon20's ghost
 64330 | Orc:1    | Found a radiant altar of Vehumet.
 64372 | Orc:2    | Bought a scroll of teleportation for 45 gold pieces
 64372 | Orc:2    | Bought a scroll of teleportation for 45 gold pieces
 64498 | D:5      | Bought a potion of curing for 39 gold pieces
 64498 | D:5      | Bought a potion of haste for 130 gold pieces
 64498 | D:5      | Bought a potion of curing for 39 gold pieces
 64498 | D:5      | Bought a potion of magic for 104 gold pieces
 65134 | Depths:4 | Identified the +6 orcbow of Looz {elec, rN+ Str+2}
 65452 | Depths:4 | Identified the +11 chain mail of the World {+Blink Int+4}
 65789 | Depths:4 | Reached skill level 23 in Fighting
 65880 | Depths:4 | Noticed a golden dragon
 65882 | Depths:4 | Killed a golden dragon
 65918 | Depths:4 | Found a gate to the Realm of Zot.
 66037 | Depths:4 | Found Minap's Book Shoppe.
 66037 | Depths:4 | Found Mitsic's Jewellery Boutique.
 66038 | Depths:4 | Found Usoyva's Jewellery Boutique.
 66550 | Zot:1    | Entered Level 1 of the Realm of Zot
 66550 | Zot:1    | Noticed a golden dragon
 66555 | Zot:1    | Killed a golden dragon
 66996 | Zot:1    | Reached XP level 24. HP: 221/221 MP: 37/40
 69434 | Zot:2    | Acquired a book of Weapons
 69443 | Zot:2    | Learned a level 3 spell: Tukima's Dance
 69446 | Zot:2    | Learned a level 2 spell: Jinxbite
 69614 | Zot:3    | Noticed a Killer Klown
 69870 | Zot:3    | Reached skill level 24 in Fighting
 69898 | Zot:3    | Noticed a Killer Klown
 69930 | Zot:3    | Killed a Killer Klown
 70524 | Zot:3    | Killed a Killer Klown
 71438 | Depths:4 | Bought the ring of the Lotus Blossom {rF+ MP+9 Slay+2} for
                  | 720 gold pieces
 71616 | Zot:4    | Noticed a curse toe
 73696 | Zot:4    | Reached XP level 25. HP: 177/232 MP: 34/39
 73847 | Zot:4    | Reached skill level 25 in Fighting
 74101 | Zot:4    | Noticed an orb of fire
 74152 | Zot:4    | Gained mutation: Your health recovers twice as slowly from
                  | being drained. [an orb of fire]
 74196 | Zot:4    | Gained mutation: You are frail. (-10% HP) [an orb of fire]
 74756 | D:14     | Killed Frances
 74947 | Slime:1  | Entered Level 1 of the Pits of Slime
 74953 | Slime:1  | Reached skill level 1 in Summonings
 75184 | Lair:5   | Found a large runed translucent door.
 75313 | Lair:5   | Found a large runed translucent door.
 76171 | Slime:2  | Reached skill level 5 in Summonings
 77709 | Elf:1    | Entered Level 1 of the Elven Halls
 77925 | Elf:1    | Found Qyceste's Weapon Shoppe.
 79704 | Zot:4    | Killed from afar by a golden dragon

Illustrated notes

Levels and vault maps discovered:
D:1:      heliophobic_arrival_enchanted_forest, layout_basic
D:2:      kennysheep_the_goblin_king, layout_loops_ring, uniq_terence,
          uniq_crazy_yiuf_cottage
D:3:      layout_loops_ring, grunt_decor_mini_mirrors, uniq_natasha
D:4:      wad_pebble_path, layout_basic, serial_shops, shop, uniq_ijyb
D:5:      layout_rooms, mainiacjoe_overflow_alcove_2,
          eat_drink_and_be_merry_uskayaw, minmay_temple_entry_statues_fountains,
          glass_columns_a, nicolae_stop_n_shop_2, minivault_19,
          kennysheep_generic_room_10
D:6:      layout_gridville, serial_shops, nicolae_shop_real_fake_doors,
          uniq_eustachio, uniq_menkaure
D:7:      layout_cave_pods, overflow_temple_1_default, enter_bailey_3
D:8:      layout_basic, regret_index_xom_of_box, ebering_ghost_reflecting_pool,
          minmay_bent, uniq_prince_ribbit1
D:9:      dragon1_lemuel, layout_loops_ring,
          mainiacjoe_overflow_six_doors_small, serial_shops, shop
D:10:     layout_basic, erik_orc_4, hangedman_decor_diamond_cutter, uniq_harold,
          uniq_sonja, uniq_maurice
D:11:     layout_loops_ring, erik_lair_orcish_takeover, uniq_nergalle
D:12:     layout_loops_cross, gammafunk_ghost_nasty_kobolds, minmay_holes,
          zin_purify, uniq_nessos
D:13:     layout_stronghold, hangedman_decor_points
D:14:     layout_irregular_city, david_vaults_1, infiniplex_staircase_zigzag_5,
          uniq_frances, uniq_jorgrun
D:15:     gammafunk_depths_entry_grave, layout_loops_ring
Temple:   bh_familiar_temple
Lair:1:   layout_chaotic_city, lemuel_oklob_altar, uniq_amaemon
Lair:2:   layout_big_grid, minmay_lindwurm_lava, lemuel_fruit_tree
Lair:3:   layout_hall_layers, minmay_swamp_entry_swarm,
          alex1729_snake_entry_snake, special_room [special_room_bee],
          grunt_megastairs_2, uniq_josephine
Lair:4:   layout_regular_city
Lair:5:   cheibrodos_lair_end_hotspot, layout_loops_ring,
          minmay_slime_entry_pillars, chequers_serial_rivers_large_b,
          minivault_25
Swamp:1:  layout_falls_marsh, serial_swamp_ruin, evilmike_swamp_ruin_house_2,
          evilmike_swamp_ruin_house_6, evilmike_swamp_ruin_house_1
Swamp:2:  layout_basic_swamp, evilmike_swamp_ruin_house_4,
          nicolae_swamp_long_stream, infiniplex_staircase_pool
Swamp:3:  layout_basic_swamp, evilmike_swamp_ruin_rubble_1
Swamp:4:  swamp_pestilence, layout_basic_swamp, uniq_donald
Snake:1:  hangedman_cross_veins, layout_onion, portal_ice_cave_entry_dragon,
          nicolae_snake_springs, uniq_asterion
Snake:2:  layout_rooms, guppyfry_library_mini
Snake:3:  layout_basic, st_stairs_7, nicolae_twisty_statue_hallways, uniq_aizul
Snake:4:  grunt_snake_rune_pools, layout_onion_interference, serial_shops, shop,
          nicolae_wooded_promenade, nicolae_snake_gridmaze_waves,
          uniq_saint_roka, uniq_agnes, uniq_bai_suzhen, uniq_vashnia
Slime:1:  layout_caves
Slime:2:  layout_caves
Slime:3:  nicolae_slime_jelly_donut, layout_caves
Orc:1:    layout_caves, basic_altar, serial_shops, shop, shop,
          nicolae_shop_industrial_runoff, nicolae_shop_trees,
          nicolae_shop_hallway_plus, lemuel_statue_altar, uniq_fannar
Orc:2:    st_orc_ogre_mass, layout_diamond_mine
Elf:1:    layout_geoelf_octagon, serial_shops, shop, serial_co_window_serial,
          co_window_of_opportunity_a, co_window_paths_b, co_window_paths_b,
          co_window_paths_b, co_window_corner_a, co_window_paths_b,
          co_window_paths_b, co_window_unsneaky_path_d, co_window_2corner,
          co_window_corner_b, co_window_paths_d, co_window_4corner_a,
          glass_columns_a, glass_columns_b, glass_columns_c, glass_columns_c,
          minivault_28, minivault_16
Vaults:1: v_misc_22, grunt_vaults_trifunnel, hangedman_vaults_hat, v_rooms_4,
          v_misc_19, hangedman_vaults_impose, nicolae_vaults_theta,
          nicolae_vaults_yaktaur_gun_rack, nicolae_vaults_storage_closets_2,
          hangedman_vaults_maws, layout_vaults_ring, serial_glass, serial_shops,
          shop
Vaults:2: minmay_crypt_entry_simple_statues, vaults_dpeg_hooks,
          nicolae_vaults_mitosis, grunt_vaults_swirl,
          nicolae_vaults_network_quinsquares
          [nicolae_vaults_network_quincunx_subvault,
          nicolae_vaults_network_quincunx_subvault,
          nicolae_vaults_network_quincunx_subvault,
          nicolae_vaults_network_quincunx_subvault], vaults_room_corners,
          vaults_room_corners, layout_vaults_omnigrid, serial_shops,
          nicolae_shop_advertising_works [nicolae_subvault_shop_adworks]
Vaults:3: hangedman_vaults_nails, grunt_vaults_bifocal,
          nicolae_vaults_shipping_containers_2, nicolae_vaults_asterisk,
          nicolae_vaults_lightning_bolt, grunt_vaults_hallway_short,
          nicolae_vaults_closet_pinwheel_2, nicolae_vaults_three_branches,
          nicolae_vaults_house_2, nicolae_vaults_two_Ls,
          nicolae_vaults_oval_intersection, v_misc_9,
          nicolae_vaults_mini_display_case, nicolae_vaults_double_plus_1,
          nicolae_vaults_closet_pinwheel_3, layout_vaults_maze_bifur,
          uniq_sojobo
Vaults:4: nicolae_vaults_closet_pinwheel_2, nicolae_vaults_tetromino_T_1,
          nicolae_vaults_diamond_1, hangedman_vaults_unwind,
          hangedman_vaults_snaps, nicolae_vaults_six-pack,
          nicolae_vaults_sealed_display, v_misc_10, nicolae_vaults_diamond_1,
          nicolae_vaults_diffraction_hallways, vaults_dpeg_spiral,
          layout_vaults_omnicross, serial_shops, shop, uniq_mennas
Vaults:5: serial_shops
Depths:1: layout_small_grid, gammafunk_ghost_necromancy,
          nicolae_wu_jian_immortal_techniques, grunt_hell_horde, serial_glass,
          glass_columns_c, glass_columns_c, minmay_starry_boxes,
          minmay_shop_star, uniq_enchantress
Depths:2: lemuel_troll_bridge, layout_cave_pools, enter_ziggurat_c,
          minmay_misc_feat_hallway, grunt_hell_entry_dis_old,
          grunt_pan_entry_in_and_out, nicolae_rock_paper_scissors
Depths:3: minmay_haunted_quarter, layout_basic, serial_shops,
          nicolae_diamond_shop, minmay_room_of_horrors, hangedman_coc_ice_floe,
          hangedman_decor_lopped, dispersion_dpeg
Depths:4: evilmike_zot_entry_gauntlet, layout_cave_pools,
          hangedman_decor_peaks_small, serial_shops, bzr_entry_gold, hell_entry,
          minmay_hedge_maze, nrook_campfire, minmay_shop_grove
Zot:1:    layout_twisted_circle, grunt_megastairs_5
Zot:2:    layout_basic
Zot:3:    grunt_zot_stairs_faceoff, layout_onion_interference,
          grunt_megastairs_1
Zot:4:    layout_basic, grunt_ministairs_9

Skill      XL: |  1  2  3  4  5  6  7  8  9 10 11 12 13 14 15 16 17 18 19 20 21 22 23 24 25 |
---------------+----------------------------------------------------------------------------+-----
Ice Magic      | 5 6 |  6.2
Fighting       | 1 2 3 4 6 8 10 13 14 15 17 18 19 20 21 22 23 24 25 | 25.2
Dodging        | 3 4 5 6 8 10 11 13 14 15 16 18 19 20 21 | 21.9
Spellcasting   | 3 4 5 7 8 10 | 10.8
Stealth        | 5 9 11 13 14 16 17 18 20 | 20.8
Hexes          | 7 8 12 16 18 | 18.8
Armour         | 4 |  4.7
Short Blades   | 10 12 13 15 16 18 19 21 22 24 | 24.3
Summonings     | 8 |  8.3

Action                     |  1- 3 |  4- 6 |  7- 9 | 10-12 | 13-15 | 16-18 | 19-21 | 22-24 | 25-27 || total
---------------------------+-------+-------+-------+-------+-------+-------+-------+-------+-------++-------
  Melee: Unarmed           |    11 |    27 |       |       |       |       |       |       |       ||    38
         Punch             |     1 |     1 |     3 |     4 |       |       |       |       |       ||     9
         Dagger            |       |    33 |   203 |   453 |   652 |  1239 |  1223 |   981 |   375 ||  5159
         Tailslap          |       |       |    11 |    17 |    16 |    59 |    49 |       |       ||   152
   Cast: Freeze            |    44 |    17 |    16 |    49 |    18 |     4 |       |       |       ||   148
         Frozen Ramparts   |     2 |    22 |    52 |    74 |    19 |    21 |    11 |       |     3 ||   204
         Ozocubu's Armour  |       |     5 |    20 |    39 |     9 |    11 |     7 |     2 |       ||    93
         Summon Ice Beast  |       |       |    10 |    17 |     8 |    27 |     5 |    19 |    33 ||   119
         Hailstorm         |       |       |       |    49 |     4 |     1 |       |       |       ||    54
         Ensorcelled Hiber |       |       |       |       |   355 |   395 |   212 |   181 |     7 ||  1150
         Confusing Touch   |       |       |       |       |    29 |    86 |    20 |     1 |    12 ||   148
         Slow              |       |       |       |       |     2 |     4 |       |       |     4 ||    10
         Anguish           |       |       |       |       |     3 |     1 |       |       |       ||     4
         Sigil of Binding  |       |       |       |       |     1 |       |       |       |       ||     1
         Enfeeble          |       |       |       |       |       |    46 |   207 |   276 |    64 ||   593
         Metabolic Englaci |       |       |       |       |       |     1 |     3 |       |       ||     4
         Discord           |       |       |       |       |       |       |     5 |    41 |    22 ||    68
         Dazzling Flash    |       |       |       |       |       |       |     2 |       |       ||     2
 Invoke: Curse Item        |       |       |     2 |     7 |     2 |     3 |       |       |     1 ||    15
         Shatter the Chain |       |       |       |       |     1 |     3 |       |     1 |     1 ||     6
  Evoke: Wand              |       |       |     4 |       |       |       |       |       |       ||     4
    Use: Scroll            |     3 |    11 |     3 |     3 |     3 |     9 |    10 |    17 |     5 ||    64
         Potion            |       |       |       |     1 |     4 |    10 |     6 |     6 |     6 ||    33
   Stab: Sleeping          |       |     1 |       |     6 |   227 |   201 |   185 |   120 |    14 ||   754
         Distracted        |       |       |       |     2 |     5 |     6 |     3 |     6 |     2 ||    24
         Confused          |       |       |       |       |    28 |   100 |    14 |       |     9 ||   151
         Invisible         |       |       |       |       |       |    42 |   150 |   214 |    26 ||   432
 Armour: Robe              |    23 |    42 |   274 |   112 |       |       |       |       |       ||   451
         Steam dragon scal |       |       |       |   233 |   303 |   355 |       |       |       ||   891
         Leather armour    |       |       |       |       |       |   247 |   488 |   587 |   184 ||  1506
  Dodge: Dodged            |    26 |    55 |   461 |   564 |   706 |  1296 |  1046 |  1158 |   257 ||  5569
  Block: Buckler           |       |       |       |    41 |   163 |   288 |   199 |   228 |    54 ||   973
